[Event "Titled Tuesday Blitz March 07 Early 2023"]
[White "Nazari, Arad"]
[Black "Leenhouts, Koen"]
[WhiteFideId "12577324"]
[BlackFideId "1008439"]
[WhiteElo "2313"]
[BlackElo "2409"]
[Result "1-0"]
[Round "07"]
[TimeControl "180+2"]
[Date "2023.03.07"]
[WhiteClock "0:00:06"]
[BlackClock "0:00:04"]

1. e4 e5 2. f4 exf4 3. Nf3 d5 4. exd5 Nf6 5. Bb5+ c6 6. dxc6 bxc6 7. Bc4 Bd6 8. Qe2+ Qe7 9. Qxe7+ Kxe7 10. Nc3 Be6 11. Bxe6 fxe6 12. O-O Nbd7 13. b3 h6 14. Bb2 g5 15. Rae1 Kf7 16. Ne4 Nxe4 17. Bxh8 Nxd2 18. Nxd2 Rxh8 19. Ne4 Bc5+ 20. Nxc5 Nxc5 21. Re5 Nd7 22. Ra5 Ra8 23. Rd1 Ke7 24. Kf2 Nf6 25. Ra6 Ng4+ 26. Ke2 Ne3 27. Rd3 Nxg2 28. Rxc6 g4 29. Kf2 f3 30. Rd4 h5 31. Re4 Rd8 32. Rexe6+ Kf7 33. Rcd6 Rc8 34. c4 Nf4 35. Re5 h4 36. Rd4 Nh3+ 37. Kf1 Kf6 38. Rh5 g3 39. hxg3 Re8 40. Rdxh4 Ng5 41. Rf4+ Kg6 42. Rh2 Rd8 43. Rc2 Rd1+ 44. Kf2 Rh1 45. Ke3 Re1+ 46. Kd3 Rd1+ 47. Kc3 Re1 48. c5 Ne4+ 49. Kb4 1-0


[Site "https://www.chess.com"]

[Event "Titled Tuesday Blitz March 07 Early 2023"]
[White "Fernandez Guillen, Ernesto J."]
[Black "Ronka, Erik"]
[WhiteFideId "3512428"]
[BlackFideId "505080"]
[WhiteElo "2423"]
[BlackElo "2264"]
[Result "1-0"]
[Round "07"]
[TimeControl "180+2"]
[Date "2023.03.07"]
[WhiteClock "0:00:18"]
[BlackClock "0:00:02"]

1. e4 c5 2. Nf3 d6 3. d4 cxd4 4. Nxd4 Nf6 5. Nc3 g6 6. f3 Bg7 7. Bc4 a6 8. Be3 h5 9. Qd2 Nbd7 10. O-O-O b5 11. Bb3 Bb7 12. Kb1 Ne5 13. f4 Neg4 14. e5 dxe5 15. fxe5 Nxe5 16. Qe2 Qc8 17. Bf4 Nc4 18. Ndxb5 axb5 19. Nxb5 O-O 20. Qxc4 Qf5 21. Rhf1 Bxg2 22. Rf2 Rac8 23. Bg3 Qg5 24. Bh4 Rxc4 25. Bxg5 Rc5 26. Rxg2 Rxb5 27. a4 Rb7 28. Be3 Ne4 29. a5 Ra8 30. Bb6 Nd6 31. Rxg6 Kh7 32. Rg5 Nc8 33. Rxh5+ Kg6 34. Rb5 Nxb6 35. Rxb6+ Rxb6 36. axb6 Rb8 37. Rg1+ Kh7 38. Bxf7 Rxb6 39. Bb3 e5 40. Rg4 Bf6 41. Bd5 e4 42. Bxe4+ Kh6 43. b3 Ra6 44. Kc1 Bc3 45. Kd1 Re6 46. Ke2 Kh5 47. h3 Rd6 48. Bd3 Rf6 49. Ke3 Bb2 50. b4 Bc3 51. b5 Re6+ 52. Be4 Rd6 53. Rg8 Ba5 54. c4 Bb6+ 55. Kf4 Kh4 56. Rh8+ 1-0


[Site "https://www.chess.com"]

[Event "Titled Tuesday Blitz March 07 Early 2023"]
[White "Bolourchifard, Farzad"]
[Black "Buksa, Nataliya"]
[WhiteFideId "12510084"]
[BlackFideId "14123622"]
[WhiteElo "2317"]
[BlackElo "2316"]
[Result "1/2-1/2"]
[Round "07"]
[TimeControl "180+2"]
[Date "2023.03.07"]
[WhiteClock "0:00:07"]
[BlackClock "0:00:12"]

1. e4 c5 2. Nc3 Nc6 3. g3 g6 4. Bg2 Bg7 5. d3 d6 6. Be3 e5 7. Nge2 Nge7 8. Qd2 h5 9. f4 h4 10. O-O-O Rb8 11. fxe5 Bxe5 12. gxh4 Bg4 13. h3 Bxe2 14. Nxe2 Rxh4 15. Bg5 Rh7 16. Rdf1 Qb6 17. c3 Qa6 18. Kb1 Qa5 19. Nf4 b5 20. Nd5 b4 21. c4 Nxd5 22. exd5 Nd4 23. Bf6 Bxf6 24. Rxf6 Qc7 25. h4 Kf8 26. h5 Qe7 27. Qf4 Re8 28. Be4 Kg7 29. Rf1 Kh8 30. hxg6 fxg6 31. Rxg6 Ne2 32. Qg4 Nd4 33. Rg1 Qf7 34. Rg5 Rh2 35. Rg7 Rxb2+ 36. Kc1 Rc2+ 37. Kd1 Rd2+ 38. Kc1 Rc2+ 39. Kb1 Rb2+ 40. Ka1 Rxa2+ 41. Kb1 Rb2+ 42. Kc1 Rc2+ 43. Kb1 Rb2+ 44. Ka1 Ra2+ 45. Kb1 Rb2+ 1/2-1/2


[Site "https://www.chess.com"]

[Event "Titled Tuesday Blitz March 07 Early 2023"]
[White "Goltsev, Dmitry"]
[Black "Yosha_Iglesias"]
[WhiteFideId "24176710"]
[WhiteElo "2336"]
[BlackElo "2489"]
[Result "0-1"]
[Round "07"]
[TimeControl "180+2"]
[Date "2023.03.07"]
[WhiteClock "0:01:08"]
[BlackClock "0:00:21"]

1. e4 c5 2. Nf3 d6 3. d4 cxd4 4. Nxd4 Nf6 5. Nc3 g6 6. Be2 Nc6 7. O-O Bg7 8. Be3 O-O 9. f4 Qb6 10. Bf3 Ng4 11. Bxg4 Bxd4 12. Bxd4 Qxd4+ 13. Qxd4 Nxd4 14. Bxc8 Rfxc8 15. Rf2 Ne6 16. Nd5 Kf8 17. c3 Nc7 18. Ne3 e6 19. Rd1 Ke7 20. f5 gxf5 21. exf5 Rg8 22. Nc4 d5 23. Na5 Rab8 24. fxe6 fxe6 25. Rdf1 Rg7 26. Re2 Kd6 27. Rf6 b6 28. Nb3 Rbg8 29. Nd4 Rg6 30. Rf7 R8g7 31. Rf8 Rg8 32. Rf1 a6 33. g3 Nb5 34. Nf3 Rf6 35. Ne5 Rxf1+ 36. Kxf1 Rf8+ 37. Kg2 Rf5 38. Nd3 e5 39. g4 Rg5 40. h3 e4 41. Nf4 Re5 42. Kg3 d4 43. cxd4 Nxd4 44. Rd2 Kc5 45. Rd1 e3 46. Nd3+ Kd5 47. Nxe5 Kxe5 48. Rc1 Ne2+ 49. Kf3 Nxc1 50. Kxe3 Nxa2 51. h4 Nb4 52. Kd2 Kf4 53. Kc3 Nc6 54. g5 Kg4 55. Kc4 Kxh4 56. Kd5 Kxg5 57. Kxc6 h5 58. Kxb6 h4 59. Kxa6 h3 60. b4 h2 61. b5 h1=Q 62. Ka7 Kf6 63. b6 Qa1+ 64. Kb8 Ke6 65. b7 Kd6 66. Kc8 Qh8# 0-1


[Site "https://www.chess.com"]

[Event "Titled Tuesday Blitz March 07 Early 2023"]
[White "Kucuksari, Kaan"]
[Black "Rodriguez Fontecha, Marcos"]
[WhiteFideId "6380166"]
[BlackFideId "2256576"]
[WhiteElo "2364"]
[BlackElo "2263"]
[Result "0-1"]
[Round "07"]
[TimeControl "180+2"]
[Date "2023.03.07"]
[WhiteClock "0:00:18"]
[BlackClock "0:00:12"]

1. d4 f5 2. e4 fxe4 3. Nc3 Nf6 4. Bg5 g6 5. Bxf6 exf6 6. Nxe4 Bg7 7. Bd3 O-O 8. Ne2 d5 9. N4g3 f5 10. O-O f4 11. Nh1 f3 12. Neg3 fxg2 13. Kxg2 Nc6 14. c3 Ne7 15. Kg1 h5 16. Re1 h4 17. Nf1 Nf5 18. Qg4 Nxd4 19. Qxd4 Bxd4 20. cxd4 Qg5+ 21. Nhg3 Bh3 22. Re5 Qg4 23. Ne3 Qxd4 24. Rxd5 Qf4 25. Ne4 Rae8 26. Rd4 c5 27. Rc4 b5 28. Rxc5 Rxe4 29. Bxe4 Qxf2+ 30. Kh1 Qxe3 31. Re5 Qf4 32. Bd5+ Kh8 33. Ree1 Bg4 34. Bg2 h3 35. Bf1 Bf3+ 36. Kg1 Bg4 37. Re2 Bxe2 38. Bxe2 Qf2+ 39. Kh1 Qg2# 0-1


[Site "https://www.chess.com"]

[Event "Titled Tuesday Blitz March 07 Early 2023"]
[White "Fiedorek, Michal"]
[Black "Starozhilov, Leonid"]
[WhiteFideId "1199528"]
[BlackFideId "14106752"]
[WhiteElo "2135"]
[BlackElo "2402"]
[Result "1-0"]
[Round "07"]
[TimeControl "180+2"]
[Date "2023.03.07"]
[WhiteClock "0:00:33"]
[BlackClock "0:00:01"]

1. e4 g6 2. d4 Bg7 3. Nc3 d6 4. Be3 a6 5. h4 h5 6. Nh3 Bxh3 7. Rxh3 Nf6 8. f3 Nc6 9. Qd2 b5 10. a3 e5 11. d5 Nd4 12. Bxd4 exd4 13. Ne2 O-O 14. Nxd4 Re8 15. O-O-O Qb8 16. Kb1 Qb6 17. Nc6 a5 18. Qd4 Qb7 19. Qd3 b4 20. a4 Nd7 21. Qb5 Qc8 22. Nxa5 Nc5 23. Qxb4 f5 24. Bb5 Rf8 25. Nc6 Kh7 26. e5 Qb7 27. e6 Qb6 28. Rhh1 Na6 29. Qc4 Nc5 30. c3 Rfe8 31. Rhe1 Bf6 32. g4 Bxh4 33. Rh1 Bf6 34. gxh5 g5 35. Kc2 Kh6 36. Ra1 Bg7 37. b4 Na6 38. Qd3 Rf8 39. e7 Rf7 40. a5 Qb7 41. Nd8 1-0


[Site "https://www.chess.com"]

[Event "Titled Tuesday Blitz March 07 Early 2023"]
[White "Oro, Faustino"]
[Black "Zacurdajev, Dmitry"]
[WhiteFideId "20000197"]
[BlackFideId "4196309"]
[WhiteElo "1984"]
[BlackElo "2179"]
[Result "0-1"]
[Round "07"]
[TimeControl "180+2"]
[Date "2023.03.07"]
[WhiteClock "0:00:02"]
[BlackClock "0:00:03"]

1. e4 c6 2. d4 d5 3. e5 c5 4. dxc5 Nc6 5. f4 e6 6. Be3 d4 7. Bf2 Bxc5 8. Nf3 Nge7 9. Nbd2 Nd5 10. a3 Nxf4 11. Ne4 Qa5+ 12. b4 Nxb4 13. axb4 Bxb4+ 14. Nfd2 Bxd2+ 15. Nxd2 Qxe5+ 16. Be2 Nxg2+ 17. Kf1 Ne3+ 18. Bxe3 dxe3 19. Nf3 Qf5 20. Qd6 Bd7 21. Rg1 Bc6 22. Rg5 Qh3+ 23. Ke1 Rd8 24. Qf4 Bxf3 25. Bxf3 O-O 26. Rg3 Qf5 27. Qxe3 Qxc2 28. Rg2 Qc4 29. Rc1 Qb4+ 30. Kf1 g6 31. Kg1 Rc8 32. Re1 Rc3 33. Qe2 Qc5+ 34. Kh1 Rc8 35. Be4 Rc1 36. Rgg1 Rxe1 37. Rxe1 b5 38. Bb7 Rb8 39. Bg2 b4 40. Qd2 b3 41. Rc1 Qb6 42. Qc3 b2 43. Rb1 a5 44. Qc2 Qb4 45. Qf2 a4 46. Qa7 a3 47. Kg1 Qb3 48. Rf1 e5 49. Kh1 b1=Q 50. Qc7 Qxf1+ 51. Bxf1 Qb7+ 52. Qxb7 Rxb7 0-1


[Site "https://www.chess.com"]

[Event "Titled Tuesday Blitz March 07 Early 2023"]
[White "Fiorito, Francisco"]
[Black "Nur-Mukhametova, Alisa"]
[WhiteFideId "180165"]
[BlackFideId "54117739"]
[WhiteElo "2341"]
[BlackElo "1903"]
[Result "1-0"]
[Round "07"]
[TimeControl "180+2"]
[Date "2023.03.07"]
[WhiteClock "0:00:11"]
[BlackClock "0:00:02"]

1. e4 c5 2. d3 Nf6 3. g3 d5 4. Nd2 Nc6 5. Bg2 g6 6. Ngf3 Bg7 7. O-O O-O 8. Re1 e5 9. exd5 Nxd5 10. Nc4 Re8 11. a4 Ndb4 12. a5 Rb8 13. Be3 b6 14. axb6 axb6 15. Ng5 f5 16. c3 Nd5 17. Qb3 Nce7 18. Ra7 h6 19. Nf3 Nc6 20. Raa1 Be6 21. Qb5 Bd7 22. Nfxe5 Nxe5 23. Bxd5+ Kh7 24. Qb3 Nxd3 25. Red1 b5 26. Rxd3 bxc4 27. Qxc4 Bb5 28. Qxc5 Bxd3 29. Ra7 Rc8 30. Qd4 Re7 31. Rxe7 Qxe7 32. Qxd3 Rd8 33. c4 Bxb2 34. h4 Bg7 35. h5 Qe5 36. hxg6+ Kh8 37. Bf4 Qa1+ 38. Kg2 Qf6 39. Qf3 Qxg6 40. c5 Qf6 41. c6 Qd4 42. c7 Rc8 43. Be6 Rxc7 44. Bxc7 Qc5 45. Qa8+ Kh7 46. Qg8+ Kg6 47. Qf7+ Kh7 48. Bxf5+ 1-0


[Site "https://www.chess.com"]

[Event "Titled Tuesday Blitz March 07 Early 2023"]
[White "Papasimakopoulos, Alexandros"]
[Black "Devaev, Alexander"]
[WhiteFideId "4244125"]
[BlackFideId "4169395"]
[WhiteElo "2359"]
[BlackElo "2225"]
[Result "1-0"]
[Round "07"]
[TimeControl "180+2"]
[Date "2023.03.07"]
[WhiteClock "0:00:21"]
[BlackClock "0:00:01"]

1. d4 Nf6 2. c4 e6 3. Nc3 Bb4 4. Qb3 c5 5. dxc5 Bxc5 6. Nf3 Nc6 7. Bg5 O-O 8. e3 b6 9. Be2 Be7 10. O-O Bb7 11. Rfd1 h6 12. Bf4 Rc8 13. Nb5 Na5 14. Qa4 a6 15. Nd6 Bc6 16. Qc2 Bxd6 17. Bxd6 Re8 18. Ne5 Ba8 19. Rac1 Nc6 20. Qd3 Nxe5 21. Bxe5 Bc6 22. Qd4 b5 23. c5 Qe7 24. f3 Red8 25. e4 Ne8 26. b4 f6 27. Bd6 Qf7 28. f4 Nxd6 29. cxd6 f5 30. e5 Qg6 31. Bf1 Bd5 32. Rc5 Rxc5 33. Qxc5 Bxa2 34. Qc7 Qe8 35. Ra1 Rc8 36. Qb7 Bc4 37. Rxa6 Bxf1 38. Kxf1 Rc1+ 39. Kf2 Rc2+ 40. Kg1 Qh5 41. h3 Qd1+ 42. Kh2 Qd2 43. Qf3 Qxb4 44. Ra7 Qc4 45. Rxd7 b4 46. Rd8+ Kh7 47. Rb8 Rd2 48. Rb7 Rd3 49. Qf2 b3 50. d7 Qc6 51. Rxb3 Qxd7 52. Rb2 Rd4 53. Rb6 1-0


[Site "https://www.chess.com"]

[Event "Titled Tuesday Blitz March 07 Early 2023"]
[White "Kislov, Oleg"]
[Black "Tymrakiewicz, Rafal"]
[WhiteFideId "13503774"]
[BlackFideId "1108832"]
[WhiteElo "2186"]
[BlackElo "2151"]
[Result "0-1"]
[Round "07"]
[TimeControl "180+2"]
[Date "2023.03.07"]
[WhiteClock "0:00:15"]
[BlackClock "0:00:58"]

1. e4 Nf6 2. e5 Nd5 3. d4 d6 4. c4 Nb6 5. exd6 cxd6 6. Nf3 g6 7. Nc3 Bg7 8. Be3 O-O 9. Rc1 Bg4 10. b3 d5 11. c5 Nc8 12. Be2 Nc6 13. h3 Bxf3 14. Bxf3 e6 15. O-O N8e7 16. g4 f5 17. Ne2 fxg4 18. Bxg4 Nf5 19. Qd3 Qh4 20. Qd2 h6 21. Kg2 Kh7 22. b4 e5 23. dxe5 Nxe5 24. Qxd5 Nxg4 25. hxg4 Qxg4+ 26. Ng3 Qxg3+ 27. Kh1 Qh3+ 28. Kg1 Nh4 29. f4 Qxe3+ 30. Kh2 Rad8 31. Qxb7 Rd2+ 32. Kh1 Qh3+ 33. Kg1 Qh2# 0-1


[Site "https://www.chess.com"]

[Event "Titled Tuesday Blitz March 07 Early 2023"]
[White "Turzo, Attila"]
[Black "Vlasak, Lukas"]
[WhiteFideId "704954"]
[BlackFideId "324752"]
[WhiteElo "2538"]
[BlackElo "2345"]
[Result "0-1"]
[Round "07"]
[TimeControl "180+2"]
[Date "2023.03.07"]
[WhiteClock "0:00:10"]
[BlackClock "0:00:54"]

1. e4 c5 2. Nc3 Nc6 3. f4 g6 4. Nf3 Bg7 5. Bb5 Nd4 6. O-O Nxb5 7. Nxb5 a6 8. Nc3 d6 9. Qe1 Nf6 10. d3 O-O 11. f5 gxf5 12. Qh4 Kh8 13. Bh6 Rg8 14. Ng5 Qf8 15. Nxh7 Nxh7 16. Bd2 Bf6 17. Qh5 Qg7 18. Qf3 fxe4 19. Nxe4 Bg4 20. Qg3 Be2 21. Qxg7+ Rxg7 22. Rfe1 Bf3 23. g3 Bd4+ 24. Kf1 f5 25. Nf2 Rag8 26. c3 Bf6 27. Nh3 e5 28. b4 f4 29. bxc5 fxg3 30. hxg3 Rxg3 31. cxd6 Rxh3 32. Kf2 Rg2+ 0-1


[Site "https://www.chess.com"]

[Event "Titled Tuesday Blitz March 07 Early 2023"]
[White "Sharapov, Evgeny"]
[Black "Slade, Theodore"]
[WhiteFideId "14103133"]
[BlackFideId "426547"]
[WhiteElo "2367"]
[BlackElo "1964"]
[Result "1-0"]
[Round "07"]
[TimeControl "180+2"]
[Date "2023.03.07"]
[WhiteClock "0:00:42"]
[BlackClock "0:00:05"]

1. e4 e5 2. Nf3 Nc6 3. Bb5 Nf6 4. d3 Bc5 5. O-O Nd4 6. Nxd4 Bxd4 7. c3 Bb6 8. a4 c6 9. Bc4 O-O 10. Bg5 h6 11. Bh4 d6 12. Nd2 Be6 13. Bxe6 fxe6 14. Nc4 Bc7 15. Qb3 Rb8 16. Rae1 Qe7 17. Kh1 g5 18. Bg3 Nh5 19. Qd1 Nxg3+ 20. fxg3 Kg7 21. Rxf8 Rxf8 22. Rf1 Rf6 23. Rxf6 Qxf6 24. Qf3 Kg6 25. Qxf6+ Kxf6 26. g4 b5 27. axb5 cxb5 28. Na3 a6 29. Nc2 Bb6 30. g3 a5 31. Na3 b4 32. cxb4 axb4 33. Nc4 Bc5 34. b3 d5 35. Nd2 Ke7 36. Kg2 Be3 37. Nf3 Kf6 38. Kf1 Bc1 39. Ke2 d4 40. Kd1 Be3 41. h4 Bf2 42. h5 Bxg3 43. Nd2 Ke7 44. Nc4 Bf4 45. Kc2 Kd7 46. Nb2 Kc6 47. Na4 Kb5 48. Kd1 Bg3 49. Nb2 Bf4 50. Nc4 Bg3 51. Nd6+ Kc6 52. Nf7 Kd7 53. Nxh6 Ke7 54. Ke2 Kf8 55. Kf3 Be1 56. Nf5 exf5 57. exf5 Ke7 58. Ke4 Bg3 59. Kd5 Kf6 60. Kc4 Be1 61. Kd5 Bc3 62. h6 Bd2 63. h7 Kg7 64. Ke6 Bf4 65. f6+ Kxh7 66. f7 Kg7 67. Ke7 1-0


[Site "https://www.chess.com"]

[Event "Titled Tuesday Blitz March 07 Early 2023"]
[White "Sztokbant, Bernardo Vainzoff"]
[Black "Bogaudinov, Rushan"]
[WhiteFideId "2115956"]
[BlackFideId "4129288"]
[WhiteElo "2222"]
[BlackElo "1949"]
[Result "0-1"]
[Round "07"]
[TimeControl "180+2"]
[Date "2023.03.07"]
[WhiteClock "0:00:30"]
[BlackClock "0:00:09"]

1. d4 d5 2. c4 dxc4 3. e4 e6 4. Bxc4 Nf6 5. Nc3 Be7 6. Nf3 O-O 7. O-O a6 8. e5 Nd5 9. Bd3 c5 10. dxc5 Nc6 11. Qe2 Nxc3 12. bxc3 Qd5 13. Ba3 Qd7 14. Rad1 Qc7 15. Qe4 g6 16. h4 Bd7 17. h5 Rfd8 18. Qf4 Be8 19. Rfe1 Rd7 20. Nd4 Rad8 21. Bc4 Nxd4 22. cxd4 b6 23. Bxa6 bxc5 24. Bb5 Rxd4 25. Rxd4 Rxd4 26. Qf3 Bxb5 27. Bb2 Rd5 28. h6 c4 29. Bc3 Qd7 30. Rb1 Bf8 31. a4 Bc6 32. Rb8 Rd1+ 33. Kh2 Bxf3 34. Bb4 Qd8 35. Rxd8 Rxd8 36. Bxf8 Kxf8 37. gxf3 c3 0-1


[Site "https://www.chess.com"]

[Event "Titled Tuesday Blitz March 07 Early 2023"]
[White "Yilmaz, Mustafa"]
[Black "Seletsky, Grigory"]
[WhiteFideId "6302718"]
[BlackFideId "14112191"]
[WhiteElo "2523"]
[BlackElo "2490"]
[Result "1-0"]
[Round "07"]
[TimeControl "180+2"]
[Date "2023.03.07"]
[WhiteClock "0:01:56"]
[BlackClock "0:01:29"]

1. e4 e6 2. Qe2 c5 3. Nf3 Nc6 4. g3 d6 5. Bg2 g6 6. O-O Bg7 7. c3 Nge7 8. Rd1 O-O 9. d4 cxd4 10. cxd4 d5 11. e5 a5 12. Nc3 b6 13. Bf4 Ba6 14. Qd2 Qd7 15. h4 Rfc8 16. h5 b5 17. Bh6 Nf5 18. Bxg7 Nxg7 19. g4 gxh5 20. Qh6 hxg4 21. Ng5 Nf5 22. Qxh7+ Kf8 23. Ne2 Nce7 24. Qxf7# 1-0


[Site "https://www.chess.com"]

[Event "Titled Tuesday Blitz March 07 Early 2023"]
[White "Womacka, Mathias"]
[Black "Galchenko, Matvey"]
[WhiteFideId "4611390"]
[BlackFideId "24175480"]
[WhiteElo "2377"]
[BlackElo "2404"]
[Result "0-1"]
[Round "07"]
[TimeControl "180+2"]
[Date "2023.03.07"]
[WhiteClock "0:00:04"]
[BlackClock "0:00:05"]

1. e4 e6 2. d4 d5 3. Nd2 a6 4. Ngf3 Nf6 5. e5 Nfd7 6. Bd3 c5 7. c3 Nc6 8. O-O g5 9. dxc5 g4 10. Nd4 Ndxe5 11. N2b3 Nxd3 12. Qxd3 e5 13. Nxc6 bxc6 14. f4 a5 15. Qg3 a4 16. Nd2 e4 17. b4 axb3 18. Nxb3 Ba6 19. Re1 Bc4 20. Be3 h5 21. Bd4 Rg8 22. Nd2 Bxa2 23. f5 Be7 24. Qe5 Rg5 25. Qf4 f6 26. Nf1 Kf7 27. Ne3 Bf8 28. Qf2 Bb3 29. Rxa8 Qxa8 30. Rb1 Ba4 31. Ra1 h4 32. Qa2 Qb7 33. Qxa4 Kg8 34. Qa7 Qb2 35. Bxf6 Bxc5 36. Bxg5 Bxa7 37. Rf1 Qxc3 38. f6 Bxe3+ 39. Bxe3 Qxe3+ 40. Kh1 Kf7 0-1


[Site "https://www.chess.com"]

[Event "Titled Tuesday Blitz March 07 Early 2023"]
[White "Pakleza, Zbigniew"]
[Black "Khamdamova, Afruza"]
[WhiteFideId "1119290"]
[BlackFideId "14210444"]
[WhiteElo "2410"]
[BlackElo "2210"]
[Result "1-0"]
[Round "07"]
[TimeControl "180+2"]
[Date "2023.03.07"]
[WhiteClock "0:00:14"]
[BlackClock "0:00:05"]

1. d4 Nf6 2. Nf3 e6 3. Bf4 d5 4. e3 Bd6 5. Bg3 O-O 6. Nbd2 c5 7. c3 Nc6 8. Bd3 b6 9. Ne5 Bb7 10. f4 Rc8 11. Qf3 cxd4 12. exd4 Nd7 13. O-O f6 14. Qh5 f5 15. Nxd7 Qxd7 16. Rae1 g6 17. Qd1 Nd8 18. Bh4 Bc6 19. Qe2 Re8 20. Rf3 Nf7 21. Bf6 Be7 22. Bxe7 Qxe7 23. Re3 Bd7 24. Nf3 Nd6 25. Ne5 Ne4 26. Nxd7 Qxd7 27. Bb5 Qd6 28. Bxe8 Rxe8 29. g3 Rc8 30. Kg2 Rc4 31. Rc1 Kg7 32. Qd3 Qc7 33. b3 Rc6 34. c4 b5 35. c5 Qa5 36. Re2 Qb4 37. Rec2 a5 38. a3 Qxa3 39. Qxb5 Rc7 40. Qa4 Qxa4 41. bxa4 Kf7 42. Rb1 Ke7 43. Rb5 Kd7 44. Rxa5 Nd6 45. Kh3 Nc4 46. Ra8 Rb7 47. a5 Rb1 48. Ra2 h6 49. a6 g5 50. fxg5 hxg5 51. a7 1-0


[Site "https://www.chess.com"]

[Event "Titled Tuesday Blitz March 07 Early 2023"]
[White "Manukian, Artak"]
[Black "Boyer, Mahel"]
[WhiteFideId "13301373"]
[BlackFideId "45102422"]
[WhiteElo "2130"]
[BlackElo "2439"]
[Result "0-1"]
[Round "07"]
[TimeControl "180+2"]
[Date "2023.03.07"]
[WhiteClock "0:00:04"]
[BlackClock "0:00:19"]

1. e4 e6 2. d4 d5 3. e5 c5 4. c3 Nc6 5. Nf3 Nh6 6. a3 Nf5 7. Bd3 cxd4 8. Bxf5 exf5 9. Nxd4 Nxe5 10. O-O Bd6 11. f4 Ng4 12. Re1+ Kf8 13. h3 Nf6 14. Be3 Bd7 15. Nd2 Qc7 16. N2f3 Ne4 17. Ne5 Bxe5 18. fxe5 Qxe5 19. Nf3 Qd6 20. Qd4 f6 21. Qb4 Qxb4 22. axb4 a6 23. Nd4 Kf7 24. Ra5 Be6 25. Rf1 g6 26. b5 Nd6 27. bxa6 Rxa6 28. Rxa6 bxa6 29. Ra1 Ra8 30. Bf4 Ne4 31. Nc6 g5 32. Be3 f4 33. Bb6 Bc8 34. Re1 Bb7 35. Na5 h5 36. Nxb7 Rb8 37. Nd8+ Ke8 38. Ba5 Rxb2 39. Nc6 g4 40. hxg4 hxg4 41. Nd4 Ra2 0-1


[Site "https://www.chess.com"]

[Event "Titled Tuesday Blitz March 07 Early 2023"]
[White "Abdilkhair, Abilmansur"]
[Black "Orozbaev, Eldiar"]
[WhiteFideId "13716417"]
[BlackFideId "13802240"]
[WhiteElo "2216"]
[BlackElo "2201"]
[Result "0-1"]
[Round "07"]
[TimeControl "180+2"]
[Date "2023.03.07"]
[WhiteClock "0:00:10"]
[BlackClock "0:00:13"]

1. d4 Nf6 2. c4 c5 3. d5 b5 4. Nf3 g6 5. a4 b4 6. b3 Bg7 7. Bb2 d6 8. Nbd2 O-O 9. e4 Nbd7 10. Be2 Ne8 11. Qc2 f5 12. O-O fxe4 13. Nxe4 Ndf6 14. Nfg5 Bf5 15. Bd3 Nxe4 16. Bxe4 e5 17. dxe6 Qxg5 18. Rae1 Bxb2 19. e7 Rf7 20. Qxb2 Bxe4 21. Rxe4 Rxe7 22. f4 Qh4 23. g3 Rxe4 24. gxh4 Ng7 25. Qf6 Re6 26. Qg5 Nf5 27. h5 Rae8 28. Kh1 Kf7 29. Rg1 Rf6 30. Qg2 Kg7 31. Qd5 Re2 32. Qb7+ Kh6 33. Qxa7 Nd4 34. hxg6 hxg6 35. Qd7 Nf5 36. a5 Ra2 37. Qd8 Kg7 38. Re1 Rf7 39. Re8 Nh6 40. Re7 Ra1+ 41. Kg2 Ra2+ 42. Kf3 Nf5 43. Rxf7+ Kxf7 44. Qd7+ Kf6 45. Qc7 Nd4+ 46. Ke4 Ke6 47. Qc8+ Kf6 48. a6 Nxb3 49. Qb7 Nd2+ 50. Kd5 b3 51. a7 Rxa7 52. Qxa7 b2 53. Qc7 b1=Q 54. Qxd6+ Kg7 55. Qe7+ Kh6 56. Qg5+ Kh7 57. Qe7+ Kg8 58. Qe8+ Kg7 59. Qe7+ Kh8 60. Qg5 Qd3+ 61. Kxc5 Ne4+ 62. Kb4 Nxg5 63. fxg5 Qh3 64. Kc5 Qxh2 65. Kc6 Qg3 66. c5 Qxg5 67. Kd7 Qf5+ 68. Kd6 g5 69. c6 g4 70. c7 g3 71. Ke7 Qc8 72. Kd6 g2 73. Kc6 g1=Q 0-1


[Site "https://www.chess.com"]

[Event "Titled Tuesday Blitz March 07 Early 2023"]
[White "Rozman, Levy"]
[Black "Bettalli, Francesco"]
[WhiteFideId "2039877"]
[BlackFideId "2816453"]
[WhiteElo "2376"]
[BlackElo "2216"]
[Result "1-0"]
[Round "07"]
[TimeControl "180+2"]
[Date "2023.03.07"]
[WhiteClock "0:02:11"]
[BlackClock "0:01:41"]

1. e4 g6 2. Bc4 Bg7 3. Qf3 e6 4. d4 Ne7 5. Ne2 O-O 6. h4 d5 7. Bb3 h5 8. e5 Nf5 9. Bg5 f6 10. exf6 Bxf6 11. Bxf6 Qxf6 12. c3 c5 13. dxc5 Nc6 14. Nd2 Ne5 15. Qh3 b6 16. cxb6 Ba6 17. Nf4 axb6 18. O-O-O Nxh4 19. Qxe6+ Qxe6 20. Nxe6 Rf6 21. Rxh4 Rxe6 22. Bxd5 Nd3+ 23. Kb1 1-0


[Site "https://www.chess.com"]

[Event "Titled Tuesday Blitz March 07 Early 2023"]
[White "Omariev, Maksim"]
[Black "Orlov, Georgi"]
[WhiteFideId "4193423"]
[BlackFideId "2011271"]
[WhiteElo "2471"]
[BlackElo "2636"]
[Result "1-0"]
[Round "07"]
[TimeControl "180+2"]
[Date "2023.03.07"]
[WhiteClock "0:00:02"]
[BlackClock "0:00:31"]

1. e4 c5 2. Nf3 e6 3. d4 cxd4 4. Nxd4 Qb6 5. Nb3 Nc6 6. c4 Nf6 7. Bd3 Ne5 8. O-O d6 9. Nc3 a6 10. Be2 Qc7 11. Bf4 Nxc4 12. Bxc4 Qxc4 13. Rc1 Nxe4 14. Nxe4 Qxe4 15. Bxd6 Qd5 16. Bxf8 Rxf8 17. Qg4 e5 18. Qxg7 Be6 19. Rfd1 Qb5 20. Nc5 Rc8 21. Nxe6 fxe6 22. Rxc8# 1-0


[Site "https://www.chess.com"]

[Event "Titled Tuesday Blitz March 07 Early 2023"]
[White "Grunberg, Mihai-Lucian"]
[Black "Mamedov, Edgar"]
[WhiteFideId "1204149"]
[BlackFideId "13739980"]
[WhiteElo "2363"]
[BlackElo "2330"]
[Result "1/2-1/2"]
[Round "07"]
[TimeControl "180+2"]
[Date "2023.03.07"]
[WhiteClock "0:00:26"]
[BlackClock "0:00:03"]

1. Nf3 d5 2. c4 d4 3. e3 Nc6 4. d3 e5 5. a3 a5 6. exd4 exd4 7. g3 Nf6 8. Bg2 Be7 9. O-O O-O 10. Bf4 Nd7 11. Re1 Nc5 12. Ne5 Nxe5 13. Rxe5 Be6 14. Re1 Bf5 15. Bf1 a4 16. Qc2 Bd6 17. Bxd6 cxd6 18. Nd2 Qd7 19. Nf3 Nb3 20. Rad1 Bg4 21. Be2 Ra5 22. Nd2 Nxd2 23. Qxd2 Rh5 24. Qf4 Bxe2 25. Rxe2 Qh3 26. f3 Rf5 27. Qg4 Qxg4 28. fxg4 Re5 29. Re4 Rfe8 30. Rxd4 Re2 31. Rxd6 Rxb2 32. Rf1 h5 33. Rf2 Rb1+ 34. Kg2 hxg4 35. Rd4 Rb3 36. Rxg4 Rxd3 37. c5 Rxa3 38. Rd4 Re7 39. Rd8+ Kh7 40. Ra8 f6 41. Ra7 Rc3 42. Rxa4 Rxc5 43. Rb4 b5 44. Rfb2 Rb7 45. Kf3 Kg6 46. Ke4 Kf7 47. Kd4 Re5 48. Kd3 Ke6 49. Kc3 Rc5+ 50. Kd4 Rd5+ 51. Ke4 f5+ 52. Kf4 Kf6 53. h4 g6 54. g4 fxg4 55. Kxg4 Kg7 56. Kg3 Kh6 57. Kg4 Rc5 58. Kg3 Kh5 59. R2b3 Rb6 60. Rb2 Rc3+ 61. Kg2 Rc5 62. Kg3 Rd5 63. R2b3 Rb8 64. Kg2 Rb7 65. Kg3 Rb6 66. Kg2 Kh6 67. Kg3 Rb8 68. Kg4 Rb7 69. Kg3 Rc5 70. Kg4 Rb6 71. Kg3 Kh5 72. Rb2 1/2-1/2


[Site "https://www.chess.com"]

[Event "Titled Tuesday Blitz March 07 Early 2023"]
[White "Hernandez Sanchez, Elvis De La Caridad"]
[Black "Jakubowski, Krzysztof"]
[WhiteFideId "6400353"]
[BlackFideId "1112848"]
[WhiteElo "2465"]
[BlackElo "2359"]
[Result "1/2-1/2"]
[Round "07"]
[TimeControl "180+2"]
[Date "2023.03.07"]
[WhiteClock "0:00:05"]
[BlackClock "0:00:05"]

1. e4 c5 2. Nf3 e6 3. c3 Nf6 4. e5 Nd5 5. d4 cxd4 6. cxd4 d6 7. exd6 Bxd6 8. Nc3 Nxc3 9. bxc3 Qc7 10. Bd2 Nd7 11. Bd3 b6 12. Ng5 Nf6 13. Ne4 Nxe4 14. Bxe4 Bb7 15. Qf3 Bxe4 16. Qxe4 Rc8 17. O-O O-O 18. h4 Qc4 19. h5 Qd5 20. Qg4 Qf5 21. Qxf5 exf5 22. h6 g6 23. a4 Rfe8 24. Rfe1 Kf8 25. Kf1 Re6 26. a5 b5 27. a6 Rxe1+ 28. Rxe1 Rc6 29. Bg5 Ba3 30. Rb1 f6 31. Be3 b4 32. cxb4 Rd6 33. Rb3 Rxa6 34. d5 Ke7 35. Bc5+ Kd7 36. Rd3 Ra4 37. Rb3 a5 38. Re3 Bxb4 39. Re7+ Kc8 40. Re8+ Kd7 41. Re7+ Kc8 42. d6 Bxc5 43. Rc7+ Kd8 44. Rxc5 Rh4 45. Rxa5 Rxh6 46. Ra7 Rh1+ 47. Ke2 f4 48. Kf3 g5 49. Kg4 Rd1 50. Rxh7 Rxd6 51. Kf5 Ke8 52. g3 Kf8 53. gxf4 gxf4 54. Kxf4 Kg8 55. Ra7 Rd5 56. f3 Rb5 57. Kg3 Kf8 58. Rc7 Ke8 59. Ra7 Kf8 60. Rh7 Kg8 61. Ra7 Kf8 1/2-1/2


[Site "https://www.chess.com"]